 Dungeon Crawl Stone Soup version 0.29-a0-284-gf9362112df (webtiles) character file.

Game seed: 9070325562798734815

317 peepeepoopoo the Chopper (level 6, -1/47 HPs)
             Began as a Human Berserker on Mar 29, 2022.
             Was a Believer of Trog.
             Slain by a black bear (3 damage)
             ... on level 5 of the Dungeon.
             The game lasted 00:19:12 (4685 turns).

peepeepoopoo the Chopper (Human Berserker)          Turns: 4685, Time: 00:19:13

Health: -1/47      AC: 10    Str: 25    XL:     6   Next: 73%
Magic:  6/6        EV: 11    Int:  8    God:    Trog [**....]
Gold:   218        SH:  0    Dex: 18    Spells: 5/5 levels left

rFire   x . .      SeeInvis .   s - +1 flail (drain)
rCold   . . .      Faith    .   (no shield)
rNeg    . . .      Spirit   .   B - +0 scale mail
rPois   .          Reflect  .   (no helmet)
rElec   .          Harm     .   E - +2 cloak of Lugonu's Outrage {rF- Dex+6}
rCorr   .          Rampage  .   (no gloves)
Will    +....                   (no boots)
Stlth   +.........              (no amulet)
HPRegen 0.15/turn               o - ring of willpower
MPRegen 0.10/turn               D - +6 ring of strength

@: no status effects
A: no striking features
a: Renounce Religion, Berserk, Trog's Hand


You were on level 5 of the Dungeon.
You worshipped Trog.
Trog was pleased with you.
You visited 1 branch of the dungeon, and saw 5 of its levels.

You collected 218 gold pieces.

Inventory:

Hand Weapons
 a - a +0 hand axe
 i - a +0 spear of venom
 n - a +1 short sword of holy wrath
 s - a +1 flail of draining (weapon)
 v - a +0 whip
Armour
 b - a +0 animal skin
 d - a +0 leather armour
 j - a +0 leather armour
 m - a +0 ring mail
 B - a +0 scale mail (worn)
 E - the +2 cloak of Lugonu's Outrage (worn) {rF- Dex+6}
   (You found it on level 3 of the Dungeon)

   Dex:       It affects your dexterity (+6).
   rF:        It makes you vulnerable to fire.
Jewellery
 o - a ring of willpower (left hand)
 D - a +6 ring of strength (right hand)
Wands
 C - a wand of iceblast (5)
Scrolls
 c - 2 scrolls of teleportation {unknown}
 f - a scroll of enchant armour {unknown}
 h - a scroll of holy word {unknown}
 p - a scroll of brand weapon {unknown}
 q - 5 scrolls of identify {unknown}
 u - a scroll of fear {unknown}
 w - 2 scrolls of fog {unknown}
 x - 2 scrolls of blinking {unknown}
 y - a scroll of vulnerability {unknown}
Potions
 e - 5 potions of lignification {unknown}
 g - a potion of mutation {unknown}
 k - a potion of degeneration {unknown}
 l - a potion of heal wounds {unknown}
 r - a potion of resistance {unknown}
 t - a potion of flight {unknown}
 z - 2 potions of might {unknown}
 A - a potion of brilliance {unknown}


   Skills:
 + Level 3.5 Fighting
 + Level 4.6(5.0) Axes
 + Level 2.3(3.8) Maces & Flails
 + Level 3.5 Armour
 + Level 3.0 Dodging
 + Level 0.9 Stealth


You had 5 spell levels left.
You didn't know any spells.
Your spell library contained the following spells:

 Spells                   Type           Power      Damage    Failure   Level
 Static Discharge         Conj/Air       0%         N/A       83%         2
 Dispel Undead            Necr           0%         3d6       100%        4
 Sticky Flame             Conj/Fire      0%         2d3       100%        4


Dungeon Overview and Level Annotations

Branches:
Dungeon (5/15)
 Temple: D:4-7

Altars:
Makhleb
Qazlal
Ru
Uskayaw


Message History

The white imp hits you. The white imp freezes you.
You hit the white imp but do no damage.
The white imp is severely wounded.
The white imp closely misses you.
You hit the white imp but do no damage.
The white imp is severely wounded.
The white imp gestures at you. The puff of frost hits you!
* * * LOW HITPOINT WARNING * * *
The white imp gestures at you. The puff of frost misses you.
You thump the white imp!
You kill the white imp!
Trog accepts your kill. The black bear barely misses you.
The black bear claws you but does no damage.
The black bear claws you.
* * * LOW HITPOINT WARNING * * *
You closely miss the black bear.
The black bear is severely wounded.
The black bear closely misses you.
The black bear claws you but does no damage. x2
You hit the black bear.
The black bear is almost dead.
The black bear bites you.
* * * LOW HITPOINT WARNING * * *
The black bear claws you but does no damage. x2
The black bear misses you.
The black bear claws you but does no damage. x2
You hit the black bear.
The black bear is almost dead.
The black bear barely misses you. The black bear closely misses you.
The black bear claws you but does no damage.
The black bear misses you. The black bear barely misses you.
The black bear claws you but does no damage.
You hit the black bear but do no damage.
The black bear is almost dead.
The black bear bites you but does no damage.
The black bear claws you.
You die...

#####...........
#...............
#...............
#...............
#...............
#...............
#...............
#########......$.....†..
.......@h.....$....#....
######.#############....
#. #.... #. #.... #.
##... #. ##.. #. #....
#. #.##. #. #.


You could see a black bear (berserk, drained).

Vanquished Creatures
  A black bear (D:5)
  A necrophage (D:5)
  An orc priest (D:4)
  An iguana (D:5)
  A gnoll (D:5)
  An adder (D:2)
  A river rat (D:4)
  3 white imps
  An ufetubus (D:5)
  2 worms (D:2)
  3 orcs
  7 ball pythons
  9 bats
  9 endoplasms
  7 giant cockroaches
  9 goblins
  4 hobgoblins
  3 jackals (D:2)
  8 kobolds
  3 quokkas
  2 frilled lizards (D:1)
  4 rats
81 creatures vanquished.

Vanquished Creatures (others)
  An orc wizard (D:4)
  An orc (D:4)
2 creatures vanquished.

Grand Total: 83 creatures vanquished

Notes
Turn   | Place    | Note
-------+----------+-------------------------------------------
     0 | D:1      | peepeepoopoo the Human Berserker began the quest for the
                  | Orb.
     0 | D:1      | Reached XP level 1. HP: 18/18 MP: 1/1
   402 | D:1      | Reached XP level 2. HP: 24/24 MP: 2/2
   966 | D:1      | Reached XP level 3. HP: 26/29 MP: 3/3
  1339 | D:2      | Found a faded altar of an unknown god.
  2103 | D:2      | Reached XP level 4. HP: 33/35 MP: 4/4
  2112 | D:2      | Reached ** piety under Trog
  2118 | D:2      | Reached skill level 4 in Axes
  2537 | D:3      | You fall into a shaft and drop 2 floors!
  2537 | D:5      | Entered Level 5 of the Dungeon
  2890 | D:5      | Noticed a necrophage
  2904 | D:5      | Killed a necrophage
  2905 | D:5      | Reached XP level 5. HP: 24/40 MP: 5/5
  3157 | D:4      | HP: 1/41 [orc/+0 war axe (7)]
  3161 | D:4      | Reached skill level 1 in Maces & Flails
  3734 | D:4      | Reached XP level 6. HP: 41/47 MP: 6/6
  3905 | D:4      | Found a stormy altar of Qazlal.
  3906 | D:4      | Found a burning altar of Makhleb.
  3907 | D:4      | Found a sacrificial altar of Ru.
  3907 | D:4      | Found a hide-covered altar of Uskayaw.
  4270 | D:3      | Identified the +2 cloak of Lugonu's Outrage {rF- Dex+6}
  4640 | D:5      | Noticed a black bear
  4643 | D:5      | Noticed a black bear
  4670 | D:5      | Killed a black bear
  4683 | D:5      | HP: 1/47 [black bear (6)]
  4685 | D:5      | Slain by a black bear

Illustrated notes

Levels and vault maps discovered:
D:1:      psy_arrival_fountain, layout_basic
D:2:      layout_basic, chequers_ecumenical_altar_twisty, minmay_pentomino_v2
D:3:      layout_rooms
D:4:      layout_cave_pools, mainiacjoe_overflow_alcove_3, gup_sewer_entry_bowl,
          dreamdust_princess_corridor, kennysheep_pointless_box,
          lemuel_flame_loot_1
D:5:      layout_rooms, tgw_xom, serial_shops, nicolae_shop_stone, hex_large,
          uniq_eustachio

Skill      XL: |  1  2  3  4  5  6 |
---------------+-------------------+-----
Axes           | 4 |  4.6
Armour         | 3 |  3.5
Maces & Flails | 1 2 |  2.3
Dodging        | 3 |  3.0
Fighting       | |  3.5
Stealth        | |  0.9

Action                   |  1- 3 |  4- 6 || total
-------------------------+-------+-------++-------
Melee: Hand axe          |   114 |    36 ||   150
       Punch             |     3 |     1 ||     4
       Flail             |       |   131 ||   131
 Stab: Sleeping          |     1 |       ||     1
Armor: Animal skin       |     2 |       ||     2
       Leather armour    |    20 |       ||    20
       Ring mail         |     9 |    30 ||    39
       Scale mail        |       |    71 ||    71
Dodge: Dodged            |    76 |   136 ||   212

Table legend: (Time is in decaauts)
 A = Elapsed time spent in this place.
 B = Non-inter-level travel time spent in this place.
 C = Inter-level travel time spent in this place.
 D = Time resting spent in this place.
 E = Time spent auto-exploring this place.
 F = Levels seen in this place.
 G = Mean time per level.
                   A        B        C        D        E       F      G
               +--------+--------+--------+--------+--------+-----+--------+
         Total |   4743 |   4065 |    678 |      0 |   3413 |   5 |  948.6 |
       Dungeon |   4743 |   4065 |    678 |      0 |   3413 |   5 |  948.6 |
               +--------+--------+--------+--------+--------+-----+--------+

Top non-repeatable levels by time:
     D:2: 1493 daAuts
     D:4: 1139 daAuts
     D:1: 1058 daAuts
     D:5: 539 daAuts
     D:3: 513 daAuts
